 Dungeon Crawl Stone Soup version 0.21.1-1-g345015f (webtiles) character file.

1540 suicidejoker the Insei (level 8, -14/53 HPs)
             Began as an Octopode Transmuter on Apr 5, 2018.
             Demolished by a cyan ugly thing (16 damage)
             ... on level 6 of the Dungeon.
             The game lasted 00:29:25 (6712 turns).

suicidejoker the Insei (Octopode Transmuter)        Turns: 6712, Time: 00:29:25

Health: -14/53     AC:  1    Str: 10    XL:     8   Next: 86%
Magic:  9/13       EV: 15    Int: 15    God:
Gold:   347        SH:  0    Dex: 14    Spells: 4/14 levels left

rFire    . . .     SeeInvis .   a - +2 dagger (elec)
rCold    . . .     Gourm    .   (no shield)
rNeg     . . .     Faith    +   (helmet restricted)
rPois    .         Spirit   .   B - amulet of faith
rElec    .         Reflect  .   w - ring of teleportation (curse)
rCorr    .         Harm     .   z - ring of wizardry
MR       .....     Rnd*Tele +   (no ring)
Stlth    ++++......             (no ring)
HPRegen  0.17/turn              (no ring)
MPRegen  0.13/turn              (no ring)
                                (no ring)
                                (no ring)

@: appendage, vulnerable
A: almost no armour, stealthy swim, amphibious, 8 rings, constrict 8, tentacle
spike 3, camouflage 1, gelatinous body 1
a: End Transformation


You were on level 6 of the Dungeon.
You were not hungry.
One of your tentacles had a temporary spike.
You visited 1 branch of the dungeon, and saw 6 of its levels.
You also visited: Sewer.

You collected 347 gold pieces.

Inventory:

Hand Weapons
 a - a +2 dagger of electrocution (weapon)
 b - a +1 shortbow of flaming
 A - a +0 hunting sling
Missiles
 h - 204 stones (quivered)
 j - 65 arrows
 k - 56 sling bullets
 l - 59 bolts
 p - 34 poisoned needles
 t - 2 javelins
Jewellery
 w - a cursed ring of teleportation (left tentacle)
 z - a ring of wizardry (right tentacle)
 B - an amulet of faith (around mantle)
Wands
 g - a wand of flame (19)
 m - a wand of disintegration (16)
 v - a wand of scattershot (1)
Scrolls
 d - 2 scrolls of fog
 e - 4 scrolls of enchant armour
 q - a scroll of magic mapping
 r - 6 scrolls of teleportation
 u - 2 scrolls of amnesia
 x - a scroll of fear
 y - a scroll of blinking
Potions
 f - a potion of cancellation
 o - 11 potions of flight
 s - a potion of degeneration
Books
 n - a book of Changes

   Spells                             Type                      Level
   a - Beastly Appendage              Transmutation                1
   b - Sticks to Snakes               Transmutation                2
   c - Spider Form                    Transmutation/Poison         3
   d - Ice Form                       Ice/Transmutation            4
   e - Blade Hands                    Transmutation                5
Comestibles
 c - 9 rations


   Skills:
 + Level 3.6 Fighting
 + Level 2.4 Short Blades
 - Level 2.4 Slings
 * Level 0.0 Bows
 + Level 4.1 Dodging
 + Level 4.9 Stealth
 * Level 5.9 Unarmed Combat
 * Level 3.8 Spellcasting
 * Level 4.3 Transmutations
 + Level 0.0 Ice Magic
 + Level 1.7 Evocations


You had 4 spell levels left.
You knew the following spells:

 Your Spells              Type           Power        Failure   Level  Hunger
a - Beastly Appendage     Tmut           ###...       1%          1    None
b - Ice Form              Ice/Tmut       #.......     28%         4    ####...
c - Blade Hands           Tmut           ###.......   32%         5    ######.


Dungeon Overview and Level Annotations

Branches:
Dungeon (6/15)             Temple (0/1) D:6

Altars:
Fedhas
Kikubaaqudgha
Qazlal
Sif Muna
Wu Jian
Xom


Innate Abilities, Weirdness & Mutations

You cannot wear most types of armour.
You are very stealthy in the water. (Stealth+)
You are amphibious.
You can wear up to eight rings at the same time.
You can use your tentacles to constrict eight enemies at once.
Your skin changes colour to match your surroundings (Stealth+).
Your rubbery body absorbs attacks. (AC +1, EV +1)
One of your tentacles bears a large vicious spike.


Message History

You constrict the cyan ugly thing. The cyan ugly thing misses you.
You hit the cyan ugly thing but do no damage.
The cyan ugly thing is heavily wounded.
You constrict the cyan ugly thing. The cyan ugly thing closely misses you.
You hit the cyan ugly thing.
You pierce the cyan ugly thing, but do no damage.
The cyan ugly thing is severely wounded.
You constrict the cyan ugly thing. The cyan ugly thing misses you.
You hit the cyan ugly thing.
The cyan ugly thing is severely wounded.
You constrict the cyan ugly thing. The cyan ugly thing trunk-slaps you!
The cyan ugly thing shocks you!
* * * LOW HITPOINT WARNING * * *
Okay, then.
You hit the cyan ugly thing but do no damage.
You squeeze the cyan ugly thing!
The cyan ugly thing is almost dead.
You constrict the cyan ugly thing, but do no damage.
The cyan ugly thing trunk-slaps you!
You die...

*,,,,,* *,, *,,...* *,,
****,,.$.* *,, ***,,,,,,..######
*** *,+,,.,,,*#.....# #*****
*,*,,...,*#.....# #.,,..
*****,*,,....##.....########.###.
,,,,,,,,,..................#...#.
,,,,,,,,*****#.u@..........###<#.
,,,,********#8.8#######....#...#.
,,,,* *,,.......,,,,,,#....#.###.
,,,,* *,,†......,,,,,,#......###.
,,,,***,,.......,,,,,,##'#.......
,,*,,,*,,..§....,,,,,,*#.........
,**,,,*,,.§.....,,,,,,####......#
,*,,,,*,,.......,,,,,,#..........
*,,,,,*,,,,,,,,,,,,,,,#.#.###...#


You could see a cyan ugly thing.

Vanquished Creatures
  The ghost of risingmaelstrom the Cudgeler, a novice MiAK of Lugonu (D:6)
  Prince Ribbit (D:5)
  A hungry ghost (D:5)
  An orc warrior (D:5)
  A sky beast (D:5)
  2 ogres
  A bullfrog (D:6)
  A water moccasin skeleton (D:6)
  3 scorpions
  A crimson imp (D:5)
  A hound (D:6)
  2 iguanas
  2 merfolk sirens (Sewer)
  An orc wizard (D:4)
  2 worker ants
  A merfolk avatar (Sewer)
  2 hound skeletons
  3 river rats (Sewer)
  5 adders
  2 worms
  7 leopard geckos
  3 orcs
  8 giant cockroaches
  5 goblins
  12 hobgoblins
  2 jackals (D:3)
  9 kobolds
  5 quokkas
  7 ball pythons
  7 bats
  8 frilled lizards
  A jackal skeleton (D:5)
  29 rats
137 creatures vanquished.

Vanquished Creatures (others)
  A sky beast (D:6)
  A black bear (D:6)
  A worker ant (D:6)
3 creatures vanquished.

Grand Total: 140 creatures vanquished

Notes
Turn   | Place    | Note
-------+----------+-------------------------------------------
     0 | D:1      | suicidejoker the Octopode Transmuter began the quest for the Orb.
     0 | D:1      | Reached XP level 1. HP: 13/13 MP: 3/3
   285 | D:1      | Reached XP level 2. HP: 15/18 MP: 5/5
   342 | D:1      | Reached skill level 1 in Stealth
   879 | D:2      | Reached XP level 3. HP: 23/23 MP: 6/6
  2077 | D:3      | Reached XP level 4. HP: 9/29 MP: 7/7
  2333 | D:3      | Reached skill level 4 in Unarmed Combat
  2353 | D:3      | Reached XP level 5. HP: 17/34 MP: 6/8
  3666 | D:4      | Found a blossoming altar of Fedhas.
  3668 | D:4      | Found an ancient bone altar of Kikubaaqudgha.
  3677 | D:4      | Noticed an ogre
  3686 | D:4      | Killed an ogre
  3686 | D:4      | Reached XP level 6. HP: 16/41 MP: 7/9
  4185 | D:4      | Found a deep blue altar of Sif Muna.
  4233 | D:4      | Found a shimmering altar of Xom.
  4390 | D:4      | Reached skill level 1 in Short Blades
  4449 | D:4      | Reached skill level 1 in Slings
  4904 | D:5      | Entered Level 5 of the Dungeon
  5024 | D:5      | Noticed an air elemental
  5026 | D:5      | Found a stormy altar of Qazlal.
  5027 | D:5      | Noticed a water elemental
  5027 | D:5      | Noticed a fire elemental
  5072 | D:5      | Noticed Prince Ribbit
  5091 | D:5      | Killed Prince Ribbit
  5091 | D:5      | Reached skill level 5 in Unarmed Combat
  5091 | D:5      | Reached XP level 7. HP: 20/46 MP: 8/11
  5248 | D:5      | Found an ornate altar of the Wu Jian Council.
  5601 | D:5      | Noticed a hungry ghost
  5603 | D:5      | Killed a hungry ghost
  5603 | D:5      | Reached XP level 8. HP: 52/52 MP: 12/12
  5836 | D:6      | Reached skill level 1 in Evocations
  5872 | D:6      | Found a glowing drain.
  5914 | Sewer    | Entered a sewer
  6455 | D:6      | Learned a level 4 spell: Ice Form
  6461 | D:6      | Learned a level 5 spell: Blade Hands
  6630 | D:6      | Noticed risingmaelstrom's ghost (novice MiAK)
  6649 | D:6      | Killed risingmaelstrom's ghost
  6706 | D:6      | Noticed a cyan ugly thing
  6711 | D:6      | HP: 2/53 [cyan ugly thing (16)]
  6712 | D:6      | Demolished by a cyan ugly thing

Skill      XL: |  1  2  3  4  5  6  7  8 |
---------------+-------------------------+-----
Stealth        | 1 2 3 4 |  4.9
Fighting       | 2 3 |  3.6
Unarmed Combat | 4 5 |  5.9
Dodging        | 3 4 |  4.1
Short Blades   | 1 2 |  2.4
Slings         | 1 2 |  2.4
Transmutations | 3 4 |  4.3
Spellcasting   | 3 |  3.8
Evocations     | 1 |  1.7

Action                   |  1- 3 |  4- 6 |  7- 9 || total
-------------------------+-------+-------+-------++-------
Melee: Unarmed           |    47 |    32 |    14 ||    93
       Constrict         |    14 |    15 |    20 ||    49
       Tentacles         |     4 |    12 |     9 ||    25
       Punch             |     1 |     1 |     2 ||     4
       Kick              |       |    10 |     2 ||    12
       Dagger            |       |    28 |    98 ||   126
 Fire: Hunting sling     |    49 |    68 |    29 ||   146
Throw: Stone             |       |     2 |       ||     2
 Cast: Beastly Appendage |     1 |    10 |     3 ||    14
       Ice Form          |       |       |     1 ||     1
Evoke: Wand              |       |       |     6 ||     6
  Use: Scroll            |     5 |     9 |     5 ||    19
       Potion            |     3 |     1 |     3 ||     7
 Stab: Sleeping          |     6 |       |    13 ||    19
       Invisible         |       |       |     1 ||     1
  Eat: Chunk             |     3 |    10 |     2 ||    15
       Ration            |       |       |     1 ||     1
Armor: Skin              |     3 |     4 |     4 ||    11
Dodge: Dodged            |    37 |    57 |    58 ||   152
